 Dungeon Crawl Stone Soup version 0.20.0-14-g326068f (webtiles) character file.

67 sagitran the Skirmisher (level 4, -9/36 HPs)
             Began as a Demonspawn Abyssal Knight on June 8, 2017.
             Was a Follower of Lugonu.
             Killed from afar by Ijyb (11 damage)
             ... with a wand of acid (?/15)
             ... on level 3 of the Dungeon.
             The game lasted 00:31:11 (1589 turns).

sagitran the Skirmisher (Demonspawn Abyssal Knight) Turns: 1589, Time: 00:31:12

Health: -9/36      AC:  1    Str: 17      XL:     4   Next: 0%
Magic:  6/6        EV: 10    Int: 11 (13) God:    Lugonu [*.....]
Gold:   119        SH:  0    Dex: 11 (13) Spells: 3/3 levels left

rFire    + . .     SeeInvis .   a - +1 falchion
rCold    . . .     Gourm    .   (no shield)
rNeg     . . .     Faith    .   d - +0 ring mail
rPois    .         Spirit   .   (no helmet)
rElec    .         Reflect  .   (no cloak)
rCorr    .         Harm     .   (no gloves)
MR       .....                  (no boots)
Stlth    +.........             (no amulet)
Regen    0.2/turn               n - +6 ring of strength
MPRegen  0.1/turn               (no ring)

@: corroded
A: claws 1, blink, fire resistance 1, weak 1
a: Blink, Depart the Abyss, Renounce Religion


You were on level 3 of the Dungeon.
You worshipped Lugonu.
Lugonu was aware of your devotion.
You were hungry.

You visited 1 branch of the dungeon, and saw 3 of its levels.
You visited the Abyss 1 time.

You collected 119 gold pieces.

Inventory:

Hand Weapons
 a - a +1 falchion (weapon)
Armour
 d - a +0 ring mail (worn)
Jewellery
 n - a +6 ring of strength (left claw)
Scrolls
 h - 3 scrolls of teleportation
 j - 2 scrolls of remove curse
 l - 4 scrolls of noise {unknown}
Potions
 b - a potion of invisibility {unknown}
 e - a potion of flight {unknown}
 i - 2 potions of agility {unknown}
 k - a potion of curing {unknown}
Comestibles
 c - 2 bread rations
 f - 7 fruits
 g - a meat ration
 m - 3 chunks of flesh


   Skills:
 + Level 3.6 Fighting
 + Level 2.5 Long Blades
 + Level 2.5 Armour
 + Level 1.1 Dodging
 + Level 2.7 Invocations


You had 3 spell levels left.
You didn't know any spells.

Dungeon Overview and Level Annotations

Branches:
Dungeon (3/15)

Altars:
Cheibriados
Gozag
Hepliaklqana
Trog
Zin
The Shining One

Annotations:
D:3 Ijyb


Innate Abilities, Weirdness & Mutations

You have sharp fingernails.
Your flesh is heat resistant. (rF+)
You can translocate small distances at will.
You are weak. (Str -2)


Message History

The orc moves out of view.
A goblin comes into view. It is wielding a club.
There is an open door here.
Ijyb the Twisted Goblin comes into view.
Ijyb shouts!
You completely miss the kobold. The kobold barely misses you.
You hit the kobold.
The kobold is severely wounded.
Ijyb zaps a wand.
The bolt of acid hits you! The acid corrodes you!
You are splashed with acid!
The acid burns!
* * * LOW HITPOINT WARNING * * *
It is a wand of acid (?/15).
The kobold hits you with a dagger.
* * * LOW HITPOINT WARNING * * *
Firing (i - inventory): No suitable missiles.
Press: ? - help, Shift-Dir - straight line, f - orc
Aim: an orc, wearing a leather armour
Okay, then.
You blink.
You feel slightly more hungry.
Ijyb zaps a wand.
The bolt of acid hits you!
You die...

)........ .........
#.####### #.# #.# #
#'##### .## ......#
#########...# ......#
#...........# ......#
#.....@.....# ......#
#.....g.....# ......#
#...g.......#
......#####.o.........#
......'...'§K..........#
......#####..........#.#
......# ############ #
......# #######


You could see Ijyb, an orc, a goblin and a kobold.

Vanquished Creatures
  An adder (D:2)
  An ooze (D:3)
  2 worms (D:2)
  A dart slug (D:1)
  An orc (D:3)
  A ball python (D:1)
  2 giant cockroaches
  3 goblins
  5 hobgoblins
  4 jackals (D:1)
  3 bats (D:2)
  A frilled lizard (D:1)
  6 kobolds
  16 rats
47 creatures vanquished.

Notes
Turn   | Place    | Note
-------+----------+-------------------------------------------
     0 | Abyss:1  | sagitran the Demonspawn Abyssal Knight began the quest for the Orb.
     0 | Abyss:1  | Reached XP level 1. HP: 18/18 MP: 2/2
    30 | D:1      | Escaped the Abyss
   120 | D:1      | Gained mutation: You are weak. (Str -2) [potion of mutation]
   120 | D:1      | Gained mutation: You can translocate small distances at will. [potion of mutation]
   135 | D:1      | Gained mutation: You have sharp fingernails. [demonic ancestry]
   135 | D:1      | Reached XP level 2. HP: 24/24 MP: 3/3
   347 | D:1      | Reached * piety under Lugonu
   615 | D:1      | Gained mutation: Your flesh is heat resistant. (rF+) [demonic ancestry]
   615 | D:1      | Reached XP level 3. HP: 25/29 MP: 5/5
   760 | D:2      | Reached skill level 1 in Dodging
   881 | D:2      | Found a hazy altar of Hepliaklqana.
   881 | D:2      | Found an opulent altar of Gozag.
   882 | D:2      | Found a glowing silver altar of Zin.
   882 | D:2      | Found a bloodstained altar of Trog.
   882 | D:2      | Found a snail-covered altar of Cheibriados.
   882 | D:2      | Found a glowing golden altar of the Shining One.
  1507 | D:3      | Reached XP level 4. HP: 36/36 MP: 6/6
  1586 | D:3      | Noticed Ijyb
  1589 | D:3      | Killed from afar by Ijyb

Skill      XL: |  1  2  3 |
---------------+----------+-----
Armour         | 2 |  2.5
Long Blades    | 2 |  2.5
Dodging        | 1 |  1.1
Fighting       | |  3.6
Invocations    | |  2.7

Action                   |  1- 3 |  4- 6 || total
-------------------------+-------+-------++-------
Melee: Falchion          |   136 |     2 ||   138
Invok: Depart the Abyss  |     1 |       ||     1
 Abil: Blink             |     1 |     1 ||     2
  Use: Potion            |     4 |       ||     4
       Scroll            |     4 |       ||     4
  Eat: Chunk             |     2 |       ||     2
Armor: Ring mail         |    78 |       ||    78
Dodge: Dodged            |    86 |     1 ||    87
       Rpst.: Falchion   |    30 |       ||    30
